 Dungeon Crawl Stone Soup version 0.29-a0-207-gf982a884d8 (webtiles) character file.

Game seed: 12768934841508898833

447 bladeefan the Cudgeller (level 6, -13/48 HPs)
             Began as a Demonspawn Fighter on Feb 23, 2022.
             Killed from afar by Ijyb (39 damage)
             ... with a bolt of acid
             ... on level 4 of the Dungeon.
             The game lasted 00:05:40 (3916 turns).

bladeefan the Cudgeller (Demonspawn Fighter)        Turns: 3916, Time: 00:05:41

Health: -13/48     AC:  9    Str: 18    XL:     6   Next: 73%
Magic:  6/6        EV:  9    Int: 10    God:
Gold:   171        SH:  5    Dex: 12    Spells: 5/5 levels left

rFire   . . .      SeeInvis +   a - +0 flail
rCold   . . .      Faith    .   c - +0 buckler
rNeg    . . .      Spirit   .   b - +0 scale mail
rPois   .          Reflect  .   (no helmet)
rElec   .          Harm     .   (no cloak)
rCorr   .          Rampage  .   (no gloves)
Will    .....                   (no boots)
Stlth   ..........              (no amulet)
HPRegen 0.16/turn               z - ring of see invisible
MPRegen 0.20/turn               (no ring)

@: no status effects
A: thin metallic scales 1, powered by death 2, magic regeneration
a: no special abilities


You were on level 4 of the Dungeon.
You visited 1 branch of the dungeon, and saw 4 of its levels.

You collected 171 gold pieces.

Inventory:

Hand Weapons
 a - a +0 flail (weapon)
Armour
 b - a +0 scale mail (worn)
 c - a +0 buckler (worn)
 q - the +3 leather armour of the Raven {Will+}
   (You found it on level 3 of the Dungeon)

   Will:      It increases your willpower.
Jewellery
 k - a ring of fire
   (You found it on level 2 of the Dungeon)
 u - a +4 ring of evasion
   (You found it on level 4 of the Dungeon)
 z - a ring of see invisible (left hand)
   (You found it on level 1 of the Dungeon)
Wands
 d - a wand of iceblast (8)
   (You found it on level 4 of the Dungeon)
Scrolls
 e - a scroll of immolation {!r}
 f - 3 scrolls of teleportation {@r4}
 i - a scroll of enchant armour
 l - a scroll of holy word {unknown}
 n - 2 scrolls of enchant weapon {unknown}
 o - 3 scrolls of magic mapping {unknown}
 s - a scroll of summoning {unknown}
 v - a scroll of blinking {unknown}
Potions
 g - a potion of haste {unknown}
 h - 2 potions of brilliance {unknown}
 j - 4 potions of curing {unknown}
 m - 3 potions of degeneration {unknown}
 p - a potion of flight {unknown}
 r - a potion of cancellation {unknown}
 t - a potion of invisibility {unknown}


   Skills:
 + Level 4.2 Fighting
 * Level 4.4 Maces & Flails
 + Level 3.9 Armour
 + Level 3.9 Shields


You had 5 spell levels left.
You didn't know any spells.
Your spell library contained the following spells:

 Spells                   Type           Power      Damage    Failure   Level
 Sandblast                Erth           0%         2d4       83%         1
 Passwall                 Tmut/Erth      0%         N/A       92%         2
 Stone Arrow              Conj/Erth      0%         3d7       99%         3
 Summon Guardian Golem    Hex/Summ       0%         N/A       99%         3
 Orb of Destruction       Conj           0%         9d5       100%        7
 Spellforged Servitor     Conj/Summ      0%         N/A       100%        7


Dungeon Overview and Level Annotations

Branches:
Dungeon (4/15)
 Temple: D:4-7

Altars:
Elyvilon
Uskayaw

Shops:
D:2 :!

Annotations:
D:4 Ijyb


Innate Abilities, Weirdness & Mutations

You are partially covered in thin metallic scales. (AC +2)
You regenerate health from kills.
You regenerate magic rapidly.


Message History

The orc wizard gestures at you while chanting.
The puff of flame misses you.
You barely miss the orc wizard.
The orc wizard points at you and mumbles some strange words.
The puff of flame hits you!
* * * LOW HITPOINT WARNING * * *
You are too injured to fight recklessly!
You are too injured to fight recklessly!
You are too injured to fight recklessly!
You hit the orc wizard.
You kill the orc wizard!
You barely miss the orc. The orc hits you with a +0 club.
You closely miss the orc. You block the orc's attack.
You sock the orc!
You kill the orc!
Unknown command.
You hit the orc. You block the orc's attack.
You closely miss the orc. The orc hits you with a +0 club.
You barely miss the orc. The orc hits you but does no damage. x2
You hit the orc.
You kill the orc!
Items here: )))) [[[ ††.
You start waiting.
Ijyb the Twisted Goblin comes into view.
She is wielding a +0 club and carrying a wand of acid (10).
Ijyb is nearby!
No reachable target in view!
No reachable target in view!
No reachable target in view!
You thump the plant!
The plant begins to die.
Ijyb zaps a wand.
The bolt of acid hits the plant!!
The plant begins to die.
The bolt of acid hits the plant!!
The acid corrodes the plant!
The bolt of acid hits you!!
Ouch! That really hurt!
* * * LOW HITPOINT WARNING * * *
The acid corrodes you!
You hit the plant.
Ijyb hits the plant with a +0 club.
The plant begins to die.
A nearby plant withers and dies.
Ijyb hits the plant with a +0 club!
Ijyb hits the plant with a +0 club!
The plant begins to die.
A nearby plant withers and dies.
Items here: )))) [[[ ††.
Ijyb grins evilly.
You are no longer corroded.
You start resting.
Ijyb is nearby!
Ijyb zaps a wand.
The bolt of acid hits you!!!
Ouch! That really hurt!
You die...

.#.........# #.#
.#.........# #.#
.#.........# #.#
##.........# #.#
.....>.....# #.#
#....<.....### #.#
#............####.#
#.......####....#.#
.......## ####.@g#
#.......# ###.#
#.).....# ###
#.......# ##.....##
##...## #####


You could see Ijyb.

Vanquished Creatures
  A sky beast (D:3)
  A scorpion (D:4)
  A hound (D:4)
  6 orc wizards (D:4)
  An adder (D:4)
  3 gnolls (D:3)
  An ufetubus (D:4)
  5 dart slugs
  3 orcs (D:4)
  4 endoplasms
  2 giant cockroaches
  5 goblins
  7 hobgoblins
  8 jackals
  3 quokkas
  2 ball pythons
  6 bats
  3 frilled lizards
  5 kobolds
  8 rats
75 creatures vanquished.

Vanquished Creatures (others)
  An orc wizard (D:4)
  13 plants (D:4)
14 creatures vanquished.

Grand Total: 89 creatures vanquished

Notes
Turn   | Place    | Note
-------+----------+-------------------------------------------
     0 | D:1      | bladeefan the Demonspawn Fighter began the quest for the
                  | Orb.
     0 | D:1      | Reached XP level 1. HP: 18/18 MP: 1/1
   158 | D:1      | Found a faded altar of an unknown god.
   161 | D:1      | Noticed a golden eye
   161 | D:1      | Noticed a great orb of eyes
   162 | D:1      | Noticed a floating eye
   162 | D:1      | Noticed a great orb of eyes
   239 | D:1      | Gained mutation: You regenerate magic rapidly. [demonic
                  | ancestry]
   239 | D:1      | Reached XP level 2. HP: 18/24 MP: 2/2
   902 | D:1      | You fall into a shaft and drop 1 floor!
  1142 | D:1      | Gained mutation: You regenerate a little health from kills.
                  | [demonic ancestry]
  1142 | D:1      | Reached XP level 3. HP: 28/29 MP: 3/3
  1422 | D:2      | Found Ehaeruafro's Book Shop.
  2189 | D:2      | Found Ymoivvosk's Distillery.
  2336 | D:3      | Found a hide-covered altar of Uskayaw.
  2383 | D:3      | Noticed a sky beast
  2392 | D:3      | Killed a sky beast
  2393 | D:3      | Gained mutation: You are partially covered in thin metallic
                  | scales. (AC +2) [demonic ancestry]
  2393 | D:3      | Reached XP level 4. HP: 36/36 MP: 4/4
  2393 | D:3      | Gained mutation: You regenerate health from kills. [demonic
                  | ancestry]
  2393 | D:3      | Reached XP level 5. HP: 41/41 MP: 5/5
  2604 | D:3      | Identified the +3 leather armour of the Raven {Will+}
  3416 | D:4      | Reached XP level 6. HP: 48/48 MP: 6/6
  3889 | D:4      | Noticed Ijyb
  3916 | D:4      | Killed from afar by Ijyb

Illustrated notes

Levels and vault maps discovered:
D:1:      psy_arrival_conway, layout_basic,
          hellmonk_ecumenical_altar_watching_god, st_stairs_12
D:2:      layout_loops_corners, serial_shops, nicolae_shop_trees, shop_statue,
          minmay_stone_trees_small
D:3:      layout_loops_ring, nicolae_uskayaw_murder_on_the_dancefloor
D:4:      layout_rooms, elyvilon_altar_5, serial_bayou_pond_c,
          minmay_a_box_with_orc_wizards_in_it, uniq_ijyb

Skill      XL: |  1  2  3  4  5  6 |
---------------+-------------------+-----
Maces & Flails | 2 3 4 |  4.4
Shields        | 3 |  3.9
Armour         | 3 |  3.9
Fighting       | 4 |  4.2

Action                   |  1- 3 |  4- 6 || total
-------------------------+-------+-------++-------
Melee: Flail             |   117 |   119 ||   236
  Use: Scroll            |     2 |     1 ||     3
       Potion            |       |     2 ||     2
Armor: Scale mail        |    46 |    62 ||   108
Dodge: Dodged            |    67 |    53 ||   120
Block: Buckler           |    26 |    32 ||    58

Table legend: (Time is in decaauts)
 A = Elapsed time spent in this place.
 B = Non-inter-level travel time spent in this place.
 C = Inter-level travel time spent in this place.
 D = Time resting spent in this place.
 E = Time spent auto-exploring this place.
 F = Levels seen in this place.
 G = Mean time per level.
                   A        B        C        D        E       F      G
               +--------+--------+--------+--------+--------+-----+--------+
         Total |   3986 |   3899 |     87 |    460 |   2628 |   4 |  996.5 |
       Dungeon |   3986 |   3899 |     87 |    460 |   2628 |   4 |  996.5 |
               +--------+--------+--------+--------+--------+-----+--------+

Top non-repeatable levels by time:
     D:1: 1313 daAuts
     D:2: 1209 daAuts
     D:3: 904 daAuts
     D:4: 560 daAuts
